 Dungeon Crawl Stone Soup version 0.30.0-17-ge0270778cf (webtiles) character file.

Game seed: 1111105097553663634

197 Twinkles the Slasher (level 5, -1/40 HPs)
             Began as a Vampire Warper on May 21, 2023.
             Slain by a gnoll
             ... wielding a +0 flail
              (6 damage)
             ... on level 3 of the Dungeon.
             The game lasted 00:05:46 (2305 turns).

Twinkles the Slasher (Vampire Warper)               Turns: 2305, Time: 00:05:46

Health: -1/40      AC:  9    Str: 10    XL:     5   Next: 46%
Magic:  8/8        EV:  9    Int: 16    God:
Gold:   118        SH:  5    Dex: 15    Spells: 4/8 levels left

rFire   . . .        a - +0 falchion
rCold   + . .        (no shield)
rNeg    . . .        n - +1 scale mail "Hallu" {rC+ Stlth+}
rPois   .            (no helmet)
rElec   .            (no cloak)
rCorr   .            h - +0 pair of gloves
SInv    +            o - +0 pair of boots
Will    .....        i - amulet of reflection
Stlth   ++           g - ring of wizardry
HPRegen 0.46/turn    (no ring)
MPRegen 0.11/turn

%: reflection, wizardry (x1)
@: healing quickly
A: alive, fangs 3, see invisible, vampiric 2
a: Exsanguinate


You were on level 3 of the Dungeon.
You visited 1 branch of the dungeon, and saw 4 of its levels.

You collected 118 gold pieces.

Inventory:

Hand Weapons
 a - a +0 falchion (weapon)
 m - a +0 sling
Missiles
 d - 7 boomerangs of dispersal (quivered)
 u - 5 javelins
Armour
 b - a +0 leather armour
 h - a +0 pair of gloves (worn)
 n - the +1 scale mail "Hallu" (worn) {rC+ Stlth+}
   (You found it on level 2 of the Dungeon)

   rC:        It protects you from cold.
   Stlth:     It makes you more stealthy.
 o - a +0 pair of boots (worn)
Jewellery
 g - a ring of wizardry (left hand)
 i - an amulet of reflection (around neck)
Scrolls
 e - a scroll of magic mapping {unknown}
 j - 4 scrolls of identify {unknown}
 l - a scroll of amnesia {unknown}
 q - a scroll of enchant weapon {unknown}
 r - a scroll of teleportation {unknown}
 t - 3 scrolls of brand weapon {unknown}
 D - a scroll of blinking
Potions
 c - a potion of degeneration {unknown}
 f - a potion of might {unknown}
 k - a potion of cancellation {unknown}
 p - 2 potions of heal wounds {unknown}
 s - 2 potions of attraction {unknown}


   Skills:
 + Level 2.8 Fighting
 * Level 4.1 Long Blades
 - Level 0.7 Throwing
 - Level 0.7 Armour
 + Level 3.5 Dodging
 + Level 2.7 Stealth
 - Level 2.0 Spellcasting
 - Level 2.4 Translocations


You had 4 spell levels left.
You knew the following spells:

 Your Spells              Type           Power      Damage    Failure   Level
a - Lesser Beckoning      Tloc           18%        N/A       32%         2
b - Blink                 Tloc           18%        N/A       32%         2

Your spell library contained the following spells:

 Spells                   Type           Power      Damage    Failure   Level
 Apportation              Tloc           18%        N/A       22%         1
 Shock                    Conj/Air       4%         1d3       47%         1
 Teleport Other           Tloc           9%         N/A       52%         3
 Vhi's Electric Charge    Tloc/Air       10%        N/A       69%         3
 Volatile Blastmotes      Fire/Tloc      10%        2d10      69%         3
 Inner Flame              Hex/Fire       1%         N/A       83%         3
 Swiftness                Air            1%         N/A       83%         3
 Manifold Assault         Tloc           9%         N/A       89%         4
 Iskenderun's Mystic Bla  Conj/Tloc      5%         2d3       96%         4
 Airstrike                Air            0%         2d(1-17)  99%         4
 Fulminant Prism          Conj/Hex       0%         3d5       99%         4
 Alistair's Intoxication  Tmut/Pois      0%         N/A       100%        5
 Lee's Rapid Deconstruct  Erth           0%         3d4*      100%        5
 Yara's Violent Unravell  Hex/Tmut       0%         3d3       100%        5
 Enfeeble                 Hex            0%         N/A       100%        7


Dungeon Overview and Level Annotations

Branches:
Dungeon (4/15) Zot: 21654
 Temple: D:4-7

Altars:
Fedhas
Qazlal

Shops:
D:1 (


Innate Abilities, Weirdness & Mutations

Your natural rate of healing is accelerated.
You have razor-sharp teeth.
You have supernaturally acute eyesight. (SInv)
You are afflicted with vampirism and can become a bat while bloodless.


Message History

The gnoll attacks as you move away! The gnoll hits you but does no damage.
The gnoll hits you with a +0 flail.
* * * LOW HITPOINT WARNING * * *
You see here a +0 spear.
The gnoll attacks as you move away! The gnoll hits you but does no damage.
Things that are here:
a +0 flail; a +0 spear You barely miss the gnoll.
The gnoll hits you but does no damage.
You hit the gnoll.
The gnoll is lightly wounded.
The gnoll hits you with a +0 flail!
* * * LOW HITPOINT WARNING * * *
You completely miss the gnoll.
The gnoll is lightly wounded.
The gnoll hits you but does no damage.
You slash the gnoll! Your bite misses the gnoll.
The gnoll is severely wounded.
You block the gnoll's attack.
You hit the gnoll.
The gnoll is almost dead.
The gnoll hits you with a +0 flail.
* * * LOW HITPOINT WARNING * * *
Okay, then.
Unknown command.
You aren't carrying any items that you can evoke.
You slash the gnoll!
The gnoll is heavily wounded.
You block the gnoll's attack.
You barely miss the gnoll.
The gnoll is heavily wounded.
The gnoll barely misses you.
You hit the gnoll. Your bite misses the gnoll.
The gnoll is severely wounded.
You block the gnoll's attack.
You slash the gnoll!
You kill the gnoll!
You barely miss the gnoll.
The gnoll is almost dead.
The gnoll hits you with a +0 flail.
You die...

##.### #.........# ##..######
#..#......# .........#
#..#......# ###.####.#
####..######## ..#....#.#
##............) #.#.#.##'#####
#..############ #.#.#.#......#
##.## #....(.#
#.#...#......#####..# #......#
#.#...#......#.g@..#####......#
#.#..[#........##### #........#
..#.#.........## #...######
###.#'##...>.## #...#
#......##### #...# #......#
#...# #......# #...########
#......# ###.........
###.#'#### ####.########


You could see a gnoll.

Vanquished Creatures
  An iguana (D:3)
  4 gnolls (D:3)
  5 adders
  2 worms
  A dart slug (D:2)
  4 orcs (D:3)
  9 endoplasms
  8 giant cockroaches
  4 goblins
  7 hobgoblins
  4 jackals (D:2)
  2 quokkas (D:2)
  9 ball pythons
  5 bats
  5 frilled lizards
  3 kobolds
  2 rats
75 creatures vanquished.

Notes
Turn   | Place    | Note
-------+----------+-------------------------------------------
     0 | D:1      | Twinkles the Vampire Warper began the quest for the Orb.
     0 | D:1      | Reached XP level 1. HP: 16/16 MP: 3/3
   152 | D:1      | Reached XP level 2. HP: 17/22 MP: 5/5
   288 | D:1      | Learned a level 2 spell: Lesser Beckoning
   291 | D:1      | Learned a level 2 spell: Blink
   309 | D:1      | Found Settoehonu's Weapon Boutique.
   619 | D:1      | HP: 7/22 [poisoned by an adder]
   622 | D:1      | Gained mutation: You are afflicted with vampirism and can
                  | become a bat while bloodless. [Vampire growth]
   622 | D:1      | Reached XP level 3. HP: 6/27 MP: 6/6
   624 | D:1      | HP: 4/27 [poisoned by an adder]
   736 | D:1      | Reached skill level 3 in Long Blades
   755 | D:2      | Identified the +1 scale mail "Hallu" {rC+ Stlth+}
   905 | D:2      | Reached skill level 1 in Stealth
   967 | D:2      | Found a faded altar of an unknown god.
  1017 | D:2      | Reached XP level 4. HP: 34/34 MP: 7/7
  1532 | D:3      | HP: 10/34 [gnoll/+0 spear (5)]
  1648 | D:3      | Found a stormy altar of Qazlal.
  1772 | D:3      | Reached XP level 5. HP: 39/39 MP: 8/8
  2005 | D:3      | Reached skill level 4 in Long Blades
  2151 | D:3      | Found a blossoming altar of Fedhas.
  2292 | D:3      | HP: 12/40 [gnoll/+0 flail (6)]
  2297 | D:3      | HP: 7/40 [gnoll/+0 flail (7)]
  2300 | D:3      | HP: 3/40 [gnoll/+0 flail (6)]
  2305 | D:3      | Slain by a gnoll

Illustrated notes

Levels and vault maps discovered:
D:1:      lemuel_arrival_cross, layout_basic, serial_shops, shop,
          minmay_misc_feat_pillars
D:2:      layout_rooms, serial_glass, glass_columns_a, glass_columns_b,
          dreamdust_ecumenical_altar_angels_and_demons
D:3:      layout_basic, fedhas_ov_isle_minmay, nicolae_overflow_crystal_walls,
          skrybe_limestone_x, grunt_ministairs_1, minmay_misc_feat_iff
D:4:      layout_rooms

Skill      XL: |  1  2  3  4  5 |
---------------+----------------+-----
Fighting       | 2 |  2.8
Long Blades    | 3 4 |  4.1
Stealth        | 1 2 |  2.7
Dodging        | 3 |  3.5
Throwing       | |  0.7
Armour         | |  0.7
Spellcasting   | |  2.0
Translocations | |  2.4

Action                     |  1- 3 |  4- 6 || total
---------------------------+-------+-------++-------
  Melee: Falchion          |   135 |   143 ||   278
         Bite              |     9 |    16 ||    25
         Punch             |     1 |       ||     1
   Stab: Sleeping          |       |     2 ||     2
         Distracted        |       |     1 ||     1
 Armour: Leather armour    |    30 |       ||    30
         Scale mail        |    20 |    76 ||    96
  Dodge: Dodged            |    93 |    71 ||   164
  Block: Other             |    12 |    29 ||    41
         Reflection        |     1 |       ||     1
